AoeStats
← jucca187

Nomad

509156373Analyzed
4v4 RM · 8d ago on Sep 25, 2026· 61m 54s· 8 players
Game mode
Random Map
Map size
231×231
Population
200
Speed
Normal
Resources
Standard
Victory
Conquest
Starting age
Dark Age
Ending age
Imperial Age
RankedLock teamsTeams togetherTeam positionsShared explorationLock speedFull tech treeHidden civsTurbo modeCheats
Victory
Defeat
🇫🇷 Khmer · France
930
+14
🇺🇸 Franks · United States
911
+15
🇮🇹 Slavs · Italy
888
+16
🇲🇽 Tatars · Mexico
869
+17
🇬🇧 Spanish · United Kingdom
943
-17
🇩🇪 Japanese · Germany
878
-15
🇫🇮 Goths · Finland
877
-15
🇩🇪 Saxons · Germany
868
-15
wolverine
10:50 Loom
16:05 Feudal Age
20:36 Castle Age
28:29 Imperial Age
29:29 Gold Mining
30:02 Double-Bit Axe
38:22 Wheelbarrow
39:35 Bow Saw
41:31 Hand Cart
46:24 Forging
46:21 Scale Barding Armor
45:55 Cavalier
46:36 Husbandry
54:02 Gold Shaft Mining
53:17 Stone Mining
52:50 Paladin
61:00 Caravan
Columbus
14:17 Feudal Age
12:50 Loom
18:23 Castle Age
17:59 Forging
18:15 Forging
22:45 Scale Barding Armor
24:27 Fletching
27:21 Double-Bit Axe
28:55 Padded Archer Armor
29:25 Light Cavalry
30:52 Ballistics
32:33 Stone Mining
35:36 Bodkin Arrow
39:22 Wheelbarrow
38:35 Town Watch
38:43 Gold Mining
39:28 Chain Barding Armor
39:21 Bloodlines
39:14 Husbandry
39:33 Leather Archer Armor
38:41 Crossbowman
44:30 Imperial Age
43:10 Hand Cart
43:46 Horse Collar
45:18 Bracer
44:52 Heavy Cavalry Archer
46:48 Ring Archer Armor
47:23 Chemistry
49:16 Heavy Plow
49:27 Bow Saw
49:54 Gold Shaft Mining
52:14 Conscription
52:12 Heavy Camel Rider
53:42 Silk Armor
55:35 Plate Barding Armor
55:42 Crop Rotation
54:44 Capped Ram
54:59 Elite Steppe Lancer
56:16 Iron Casting
58:53 Siege Ram
APC
4:09 Loom
15:11 Feudal Age
16:47 Wheelbarrow
15:57 Fishing Lines
16:16 Town Watch
16:31 Double-Bit Axe
21:41 Castle Age
23:00 Gillnets
23:33 Husbandry
27:37 Hand Cart
30:43 Bloodlines
31:58 Town Patrol
36:15 Imperial Age
33:39 Horse Collar
33:58 Gold Mining
37:33 Double Crossbow
37:58 Ballistics
37:14 Cavalier
44:40 Siege Engineers
46:42 Heavy Scorpion
alexgiaco98
3:23 Loom
19:53 Feudal Age
32:02 Castle Age
36:33 Castle Age
44:36 Stone Mining
49:23 Gold Mining
51:06 Double-Bit Axe
52:03 Horse Collar
54:06 Bow Saw
55:31 Heavy Plow
56:46 Gold Shaft Mining
jimfinancialadvice
10:04 Loom
13:58 Feudal Age
14:24 Double-Bit Axe
14:34 Fishing Lines
19:43 Castle Age
18:55 Stone Mining
24:15 Wheelbarrow
33:43 Gold Mining
37:02 Ballistics
38:20 Fletching
38:30 Padded Archer Armor
39:29 Hand Cart
42:01 Imperial Age
41:38 Forging
42:42 Hand Cart
45:40 Chemistry
44:17 Cavalier
45:10 Bloodlines
47:18 Bodkin Arrow
47:38 Leather Archer Armor
51:33 Paladin
53:51 Bloodlines
54:26 Medium Warships
54:51 Bow Saw
56:55 Forging
Sir Leonhart
9:22 Loom
16:35 Feudal Age
17:42 Double-Bit Axe
22:56 Castle Age
20:52 Gold Mining
20:57 Stone Mining
22:12 Forging
22:03 Scale Mail Armor
23:10 Fishing Lines
23:26 Gambesons
23:41 Squires
23:28 Arson
32:59 Wheelbarrow
33:00 Gillnets
36:12 Chain Mail Armor
36:33 Iron Casting
40:52 Imperial Age
38:26 Pikeman
42:43 Bow Saw
42:45 Elite Varangian Guard
43:42 Onager
44:49 Elite Skirmisher
45:36 Thumb Ring
45:32 Fletching
46:37 Ballistics
48:43 Conscription
48:01 Elite Hearth Troop
52:02 Masonry
ben00mon
3:43 Loom
3:46 Loom
15:58 Feudal Age
18:05 Wheelbarrow
17:07 Man-at-Arms
25:20 Castle Age
26:55 Scale Mail Armor
27:05 Pikeman
32:39 Gambesons
34:57 Stone Mining
35:16 Long Swordsman
36:12 Gold Mining
36:10 Double-Bit Axe
39:35 Bow Saw
40:19 Forging
41:00 Squires
44:48 Chain Mail Armor
45:09 Iron Casting
45:43 Gold Shaft Mining
50:29 Imperial Age
50:38 Onager
51:56 Hand Cart
56:21 Elite Samurai
jucca187
Connection lost

Rejoining the realm…

Still unreachable

The connection could not be restored.

Session expired

The server has moved on; the page needs a fresh start.